 Dungeon Crawl Stone Soup version 0.27-a0-346-ga689d4a613 (webtiles) character file.

Game seed: 3156003108017094263

3811 Xavori the Covert (level 10, -3/67 HPs)
             Began as an Octopode Chaos Knight on Feb 15, 2021.
             Was a Plaything of Xom.
             Slain by a cyclops (28 damage)
             ... on level 9 of the Dungeon.
             The game lasted 00:15:50 (11808 turns).

Xavori the Covert (Octopode Chaos Knight)          Turns: 11808, Time: 00:15:51

Health: -3/67      AC:  7    Str: 11      XL:     10   Next: 17%
Magic:  19/24      EV: 17    Int: 18 (21) God:    Xom [...*..]
Gold:   515        SH:  0    Dex: 18 (21) Spells: 11/16 levels left

rFire    . . .     SeeInvis +   o - +2 dagger (venom)
rCold    . . .     Faith    .   (no shield)
rNeg     + + .     Spirit   .   (helmet restricted)
rPois    +         Reflect  .   (no amulet)
rElec    .         Harm     .   b - ring of see invisible
rCorr    .         Rampage  .   c - ring of poison resistance
Will     .....                  n - ring "Laesuk" {rN++ AC+4 Int+6 Stlth-}
Stlth    +++++.....             y - +6 ring of dexterity
HPRegen  0.21/turn              E - ring of magical power
MPRegen  0.19/turn              (no ring)
                                (no ring)
                                (no ring)

@: no status effects
A: almost no armour, stealthy swim, amphibious, 8 rings, constrict 8, molten
scales 1, camouflage 1, blurry vision 2, deterioration 2, sense surroundings 1,
screaming 1, wild magic 1, gelatinous body 1, MP-powered wands
a: Renounce Religion


You were on level 9 of the Dungeon.
You worshipped Xom.
You were a favourite toy of Xom.
You visited 1 branch of the dungeon, and saw 9 of its levels.
You also visited: Ossuary.

You collected 571 gold pieces.
You spent 56 gold pieces at shops.

Inventory:

Hand Weapons
 a - a +0 short sword of chaos
 o - a +2 dagger of venom (weapon)
Missiles
 G - a curare-tipped dart (quivered)
Jewellery
 b - a ring of see invisible (left tentacle)
 c - a ring of poison resistance (right tentacle)
 n - the ring "Laesuk" (on tentacle) {rN++ AC+4 Int+6 Stlth-}
   (Xom gifted it to you on level 2 of the Dungeon)

   [ring of protection]

   It affects your AC (+4).
   It affects your intelligence (+6).
   It greatly protects you from negative energy.
   It makes you less stealthy.
 y - a +6 ring of dexterity (on tentacle)
 E - a ring of magical power (on tentacle)
Wands
 q - a wand of digging (11)
 v - a wand of polymorph (12)
 B - a wand of flame (20)
 C - a wand of acid (17)
 D - a wand of paralysis (11)
Scrolls
 e - 3 scrolls of fog {unknown}
 f - 2 scrolls of immolation {unknown}
 j - a scroll of enchant armour {unknown}
 k - 2 scrolls of amnesia
 m - 3 scrolls of blinking
 p - a scroll of magic mapping {unknown}
 r - 6 scrolls of teleportation
 u - 2 scrolls of fear {unknown}
Potions
 d - 2 potions of cancellation
 g - a potion of curing
 h - a potion of brilliance
 i - a potion of mutation {unknown}
 l - 2 potions of lignification
 s - 3 potions of haste
 t - a potion of might
 w - a potion of heal wounds
 x - a potion of invisibility
 z - a potion of magic
 A - a potion of berserk rage {unknown}
 F - 2 potions of flight


   Skills:
 + Level 5.6 Fighting
 - Level 6.3 Short Blades
 + Level 5.4 Dodging
 * Level 10.4 Stealth
 * Level 3.3 Unarmed Combat
 * Level 3.5 Spellcasting
 - Level 0.1 Conjurations
 * Level 3.0 Translocations
 - Level 3.9 Air Magic
 - Level 3.6 Poison Magic


You had 11 spell levels left.
You knew the following spells:

 Your Spells              Type           Power        Failure   Level
a - Blink                 Tloc           N/A          11%         2
b - Mephitic Cloud        Conj/Pois/Air  16%          22%         3

Your spell library contained the following spells:

 Spells                   Type           Power        Failure   Level
 Magic Dart               Conj           16%          22%         1
 Call Imp                 Summ           4%           32%         2
 Slow                     Hex            4%           32%         2
 Conjure Flame            Conj/Fire      4%           50%         3


Dungeon Overview and Level Annotations

Branches:
Dungeon (9/15)             Temple (0/1) D:5         Ossuary (visited)
   Lair: D:8-11         Orc: D:9-12

Altars:
Fedhas
Gozag
Kikubaaqudgha
Makhleb
Nemelex Xobeh
Ru
Sif Muna
Trog
Xom
Zin
Beogh

Shops:
D:9 (**

Annotations:
D:4 3 runed translucent doors, Maimakterion's ghost, amateur TrWr
D:8 2 transporters


Innate Abilities, Weirdness & Mutations

You cannot wear most types of armour.
You are very stealthy in the water. (Stealth+)
You are amphibious.
You can wear up to eight rings at the same time.
You can use your tentacles to constrict eight enemies at once.
Your skin changes colour to match your surroundings (Stealth+).
Your rubbery body absorbs attacks. (AC +1, EV +1)
You are partially covered in molten scales. (AC +2)
Scrolls take you longer to read.
Your body often deteriorates upon taking damage.
You passively map a small area around you.
You occasionally shout uncontrollably at your foes.
Your spells are a little harder to cast, but a little more powerful.
You expend magic power (3 MP) to strengthen your wands.


Message History

The cyclops misses you.
The kobold brigand throws a poisoned dart.
The poisoned dart hits you!
Unknown command.
Aiming: Paralyse
Press: ? - help, Shift-Dir - straight line, f/p - cyclops
Aim: a cyclops, quivering large rocks (chance to affect: 32%)
You feel a surge of power!
The cyclops easily resists.
You feel sick. The cyclops hits you!!
* * * LOW HITPOINT WARNING * * *
Your body deteriorates!
You feel clumsy.
Unknown command.
You feel much better. Xom smiles on you.
You feel better.
You are now a favourite toy of Xom.
Really quaff the potion of lignification?
Okay, then.
You hit the cyclops but do no damage. You squeeze the cyclops!
The cyclops is lightly wounded.
The cyclops barely misses you.
You hit the cyclops but do no damage.
The cyclops is poisoned.
You squeeze the cyclops!
The cyclops is moderately wounded.
The kobold misses you.
You hit the cyclops.
The cyclops is moderately wounded.
Xom grants you insight.
You detect items!
The kobold closely misses you. The cyclops hits you!
Your body deteriorates!
You feel dopey.
You barely miss the cyclops.
The cyclops is moderately wounded.
You hear Xom's avuncular chuckle.
The kobold suddenly stops moving!
You hit the cyclops but do no damage.
The cyclops looks as sick as possible!
You squeeze the cyclops.
The cyclops is heavily wounded.
The kobold misses you. The cyclops hits you!!
You die...
Xom giggles madly!

...###############
..###........##.##########
...##..).)...#..#∩'......#
....#.)......#..###....).#
.............#....)......#, *
...##....)....##...)#####..8.8
...##.........K..###...K....K.
..##.........(.K####.####.. .∩
.###.###..#....<@CK....., ⌠
####.# ####.#######...##* ,8,8
8 ..##.#* , ### ..# , ...###
,,, *** ,*### * ....# , , , ,
h...# , ....# , , * ...## , ,
### * ..## * , #.# *


You could see a cyclops (extremely poisoned), a kobold brigand and 2 kobolds.

Vanquished Creatures
  Maggie (D:7)
  A sky beast (D:8)
  2 ice beasts (D:6)
  3 orc warriors
  2 ogres
  A tengu (D:5)
  3 necrophages
  A centaur (D:6)
  2 phantoms (D:8)
  A kobold brigand (D:8)
  An elf zombie (Ossuary)
  A scorpion (D:6)
  5 wights (D:7)
  3 howler monkeys (D:8)
  2 bullfrog zombies
  2 human zombies (Ossuary)
  3 jellies
  2 quasits (D:8)
  6 centaur zombies (Ossuary)
  5 hounds
  9 orc priests
  An iguana (D:6)
  9 orc wizards
  8 worker ants
  A hound zombie (D:9)
  3 hound skeletons
  3 mummies (Ossuary)
  2 worker ant zombies
  14 adders
  A river rat (D:6)
  A shadow imp (D:9)
  3 white imps
  An adder zombie (D:7)
  A worm (D:2)
  A dart slug (D:1)
  6 leopard geckos
  27 orcs
  7 giant cockroaches
  8 goblins
  12 hobgoblins
  9 jackals
  4 quokkas
  5 ball pythons
  5 bats
  9 frilled lizards
  A giant cockroach zombie (D:5)
  A jackal zombie (D:8)
  8 kobolds
  A leopard gecko skeleton (D:4)
  2 quokka skeletons
  8 rats
218 creatures vanquished.

Vanquished Creatures (collateral kills)
  An orc warrior (D:8)
1 creature vanquished.

Vanquished Creatures (others)
  An electric eel (D:6)
  2 orc wizards (D:5)
  2 adders (D:5)
5 creatures vanquished.

Grand Total: 224 creatures vanquished

Notes
Turn   | Place    | Note
-------+----------+-------------------------------------------
     0 | D:1      | Xavori the Octopode Chaos Knight began the quest for the
                  | Orb.
     0 | D:1      | Reached XP level 1. HP: 16/16 MP: 1/1
   259 | D:1      | XOM: potion effect (haste)
   274 | D:1      | Reached XP level 2. HP: 5/21 MP: 2/2
   318 | D:1      | XOM: 3-stop teleportation journey
   443 | D:1      | XOM: cloud trail
   619 | D:1      | Reached skill level 1 in Stealth
   633 | D:1      | XOM: blink monster(s)
   816 | D:1      | XOM: noise
   856 | D:1      | Reached XP level 3. HP: 20/26 MP: 3/3
   950 | D:1      | XOM: silly message
   980 | D:1      | XOM: give mutations
   980 | D:1      | Gained mutation: You occasionally shout uncontrollably at
                  | your foes. [Xom's mischief]
   980 | D:1      | Gained mutation: Your body sometimes deteriorates upon
                  | taking damage. [Xom's mischief]
  1057 | D:2      | Reached skill level 2 in Stealth
  1066 | D:2      | XOM: swap monsters
  1363 | D:2      | XOM: stat loss: -1 Dex (11/12)
  1408 | D:2      | Reached XP level 4. HP: 28/31 MP: 4/4
  1513 | D:2      | XOM: 4-stop teleportation journey
  1593 | D:2      | Found a shimmering blue altar of Sif Muna.
  1940 | D:3      | Reached skill level 3 in Stealth
  1972 | D:3      | XOM: confuse monster(s)
  1976 | D:3      | XOM: smoke on damage
  1981 | D:3      | Reached XP level 5. HP: 36/37 MP: 5/5
  1987 | D:3      | Reached skill level 4 in Stealth
  2140 | D:3      | XOM: god gift: long glowing staff {god gift}
  2195 | D:3      | XOM: butterfly on damage
  2517 | D:2      | XOM: god gift: steaming ivory ring {god gift}
  2520 | D:2      | Got a steaming ivory ring {god gift}
  2521 | D:2      | Identified the ring "Laesuk" {rN++ AC+4 Int+6 Stlth-} (Xom
                  | gifted it to you on level 2 of the Dungeon)
  2671 | D:3      | Reached skill level 5 in Stealth
  2671 | D:3      | Reached XP level 6. HP: 43/43 MP: 6/6
  2892 | D:3      | XOM: 1-stop teleportation journey
  3083 | D:3      | Found a faded altar of an unknown god.
  3127 | D:3      | XOM is BORED!
  3154 | D:3      | XOM: god gift: 19 gold pieces
  3185 | D:3      | Found an ancient bone altar of Kikubaaqudgha.
  3376 | D:4      | Found a sand-covered staircase.
  3380 | Ossuary  | Entered an ossuary
  3392 | Ossuary  | XOM: confuse monster(s)
  3393 | Ossuary  | XOM: blink monster(s)
  3415 | Ossuary  | Reached skill level 6 in Stealth
  3713 | Ossuary  | Reached XP level 7. HP: 43/48 MP: 7/7
  3718 | Ossuary  | XOM: butterfly on damage
  3725 | Ossuary  | Reached skill level 5 in Short Blades
  3740 | Ossuary  | XOM: confusion
  3845 | Ossuary  | XOM: 1-stop teleportation journey
  3854 | Ossuary  | XOM: divination: magic mapping
  3860 | Ossuary  | XOM: silly message
  3867 | Ossuary  | XOM: swap monsters
  3876 | Ossuary  | HP: 1/48 [human zombie (4)]
  3893 | Ossuary  | XOM: scenery: 2 doors open, 2 doors close
  4121 | Ossuary  | XOM: give mutation
  4121 | Ossuary  | Gained mutation: Scrolls take you a little longer to read.
                  | [Xom's mischief]
  4152 | Ossuary  | XOM: scenery: 1 doors open
  4234 | D:4      | Reached skill level 7 in Stealth
  4380 | D:4      | Found a runed translucent gate.
  4381 | D:4      | Found a runed translucent gate.
  4382 | D:4      | Noticed Maimakterion's ghost (amateur TrWr)
  4390 | D:4      | Identified the +9 hand axe "Xang" {vorpal, Will- Dex+5}
  4429 | D:4      | Found a runed translucent gate.
  4874 | D:4      | Reached XP level 8. HP: 44/54 MP: 8/8
  4932 | D:4      | Found a blossoming altar of Fedhas.
  5027 | D:4      | Found a roughly hewn altar of Beogh.
  5136 | D:5      | Entered Level 5 of the Dungeon
  5164 | D:5      | XOM: polymorph sky beast -> tengu
  5308 | D:5      | XOM: scenery: summon butterflies
  5580 | D:5      | XOM: 5-stop teleportation journey
  5612 | D:5      | XOM: fog
  5616 | D:5      | XOM: scenery: create altars
  5698 | D:5      | XOM: cast spell 'Dispersal'
  5973 | D:5      | Found a staircase to the Ecumenical Temple.
  5973 | D:5      | XOM: 1-stop teleportation journey
  5996 | D:5      | XOM: destruction
  6006 | D:5      | Reached skill level 1 in Unarmed Combat
  6010 | D:5      | Reached skill level 8 in Stealth
  6033 | D:5      | XOM: give mutation
  6033 | D:5      | Gained mutation: One of your tentacles bears a spike.
                  | [Xom's grace]
  6513 | D:5      | Learned a level 2 spell: Blink
  6517 | D:5      | Learned a level 3 spell: Mephitic Cloud
  6626 | D:5      | XOM: give mutation
  6626 | D:5      | Gained mutation: You expend magic power (3 MP) to
                  | strengthen your wands. [Xom's grace]
  6717 | D:5      | XOM: scenery: summon butterflies
  6852 | D:6      | XOM: 2-stop teleportation journey
  6858 | D:6      | XOM: polymorph worker ant -> river rat
  6877 | D:6      | Reached skill level 1 in Poison Magic
  6881 | D:6      | Reached skill level 1 in Translocations
  6891 | D:6      | XOM: give mutation
  6891 | D:6      | Lost mutation: One of your tentacles bears a spike. [Xom's
                  | mischief]
  6933 | D:6      | XOM: torment (11/54 hp)
  7234 | D:6      | Reached skill level 1 in Spellcasting
  7234 | D:6      | Reached skill level 1 in Air Magic
  7311 | D:6      | Reached skill level 5 in Fighting
  7716 | D:6      | XOM: noise
  8207 | D:7      | Reached XP level 9. HP: 61/61 MP: 9/11
  8374 | D:7      | Found a sparkling altar of Nemelex Xobeh.
  8424 | D:7      | Noticed Maggie
  8429 | D:7      | XOM: summons 6 friendly demons
  8439 | D:7      | XOM: swap monsters
  8449 | D:7      | Killed Maggie
  8450 | D:7      | Reached skill level 9 in Stealth
  8920 | D:7      | Found a sacrificial altar of Ru.
  8976 | D:7      | XOM: blink monster(s)
  9046 | D:7      | XOM: summons 4 hostile demons
  9122 | D:6      | XOM: god gift: 17 stones
  9283 | D:7      | XOM: noise
  9298 | D:7      | Reached skill level 5 in Dodging
  9328 | D:7      | XOM: cast spell 'Shadow Creatures'
  9732 | D:7      | XOM: silly message
  9926 | D:7      | Found a burning altar of Makhleb.
  9960 | D:7      | Found a bloodstained altar of Trog.
 10083 | D:7      | Found an opulent altar of Gozag.
 10220 | D:7      | Found a burning altar of Makhleb.
 10248 | D:8      | XOM: divination: magic mapping
 10339 | D:8      | XOM: cast spell 'Summon Mana Viper'
 10405 | D:8      | XOM: confuse monster(s)
 10429 | D:8      | Found a transporter.
 10432 | D:8      | Found a transporter.
 10435 | D:8      | Noticed a boulder beetle
 10471 | D:8      | Reached XP level 10. HP: 60/66 MP: 14/14
 10624 | D:8      | XOM: give mutation
 10624 | D:8      | Gained mutation: Scrolls take you longer to read. [Xom's
                  | mischief]
 10742 | D:8      | XOM: noise
 10820 | D:8      | XOM: give mutations
 10820 | D:8      | Lost mutation: You occasionally shout uncontrollably at
                  | your foes. [Xom's mischief]
 10820 | D:8      | Gained mutation: You occasionally shout uncontrollably at
                  | your foes. [Xom's mischief]
 10820 | D:8      | Gained mutation: You are partially covered in molten
                  | scales. (AC +2) [Xom's mischief]
 10820 | D:8      | Gained mutation: Your body often deteriorates upon taking
                  | damage. [Xom's mischief]
 10896 | D:9      | Found an ancient bone altar of Kikubaaqudgha.
 10896 | D:9      | Found a glowing silver altar of Zin.
 10896 | D:9      | Found a burning altar of Makhleb.
 10896 | D:9      | Found a shimmering altar of Xom.
 10896 | D:9      | Found a bloodstained altar of Trog.
 10896 | D:9      | Found a bloodstained altar of Trog.
 10896 | D:9      | XOM: 3-stop teleportation journey
 10942 | D:9      | Found Obleor's Weapon Boutique.
 10964 | D:9      | Reached skill level 10 in Stealth
 11049 | D:9      | Paralysed by an orc warrior for 2 turns
 11050 | D:9      | XOM: summons 4 friendly demons
 11088 | D:9      | XOM: give mutations
 11088 | D:9      | Gained mutation: Your spells are a little harder to cast,
                  | but a little more powerful. [Xom's grace]
 11088 | D:9      | Gained mutation: You passively map a small area around you.
                  | [Xom's grace]
 11102 | D:9      | XOM: noise
 11202 | D:8      | XOM: stat loss: -1 Dex (19/21)
 11336 | D:8      | XOM: silly message
 11395 | D:9      | Found Okhlurph's Assorted Antiques.
 11476 | D:9      | Bought a wand of paralysis (6) for 56 gold pieces
 11487 | D:9      | Found Uxaupn's General Store.
 11487 | D:9      | Noticed a cyclops
 11489 | D:9      | XOM: enchant monster (good)
 11574 | D:8      | XOM: silly message
 11803 | D:9      | XOM: potion effect (curing)
 11806 | D:9      | XOM: divination: detect items
 11807 | D:9      | XOM: enchant monster (good)
 11808 | D:9      | Slain by a cyclops

Illustrated notes

Levels and vault maps discovered:
D:1:      dpeg_arrival_three_same_balls, layout_rooms, supply_closet_lemuel,
          minmay_liquid_box, minmay_lizard_pond
D:2:      layout_loops_ring, led_sif_pool
D:3:      layout_basic, kiku_gazebo_garden_becter,
          chequers_ecumenical_altar_twisty
D:4:      layout_basic, fedhas_altar_4, lightli_ossuary_entry_decrepit_ruins,
          biasface_ghost_orc_armoury, chequers_serial_rivers_small_b
D:5:      layout_basic, temple_fountains
D:6:      layout_loops_ring, kennysheep_generic_room_2
D:7:      layout_cave_pools, lemuel_crystal_altar, marbit_many_paths,
          grunt_temple_overflow_open, serial_rivers,
          chequers_serial_rivers_small_b, chequers_serial_rivers_room_a,
          chequers_serial_rivers_small_b, chequers_serial_rivers_micro_d,
          chequers_serial_rivers_small_b, makhleb_blood_cavern_becter,
          uniq_maggie
D:8:      gammafunk_sealed_arena, layout_rooms, grunt_decor_junction
D:9:      kennysheep_six_static_rooms, layout_rooms, doesnt_xom_only_xom,
          serial_shops, nicolae_shop_statue_plus, kennysheep_mini_moat,
          nicolae_shop_window_shopping,
          nicolae_shop_temple_entry_statues_fountains, uniq_erica, uniq_erolcha

Skill      XL: |  1  2  3  4  5  6  7  8  9 10 |
---------------+-------------------------------+-----
Stealth        | 1 2 3 5 6 7 8 9 10 | 10.4
Dodging        | 3 4 5 |  5.4
Short Blades   | 4 5 6 |  6.3
Fighting       | 4 5 |  5.6
Unarmed Combat | 2 3 |  3.3
Poison Magic   | 1 3 |  3.6
Translocations | 1 2 3 |  3.0
Spellcasting   | 1 3 |  3.5
Air Magic      | 1 3 |  3.9
Conjurations   | |  0.1

Action                   |  1- 3 |  4- 6 |  7- 9 | 10-12 || total
-------------------------+-------+-------+-------+-------++-------
Melee: Short sword       |    74 |    80 |    53 |       ||   207
       Constrict         |    18 |    33 |    82 |    13 ||   146
       Tentacles         |     8 |    25 |   111 |    20 ||   164
       Dagger            |       |    57 |   365 |    68 ||   490
       Kick              |       |       |    19 |       ||    19
       Punch             |       |       |     2 |     3 ||     5
 Cast: Mephitic Cloud    |       |       |     1 |     2 ||     3
Evoke: Wand              |       |       |     1 |     2 ||     3
  Use: Potion            |       |       |     7 |     1 ||     8
       Scroll            |       |       |     6 |     6 ||    12
 Stab: Sleeping          |     3 |    10 |     5 |     6 ||    24
       Confused          |       |     3 |     1 |       ||     4
       Distracted        |       |     1 |     2 |       ||     3
       Petrifying        |       |       |     1 |       ||     1
Armor: Skin              |     4 |    22 |    52 |    13 ||    91
Dodge: Dodged            |    39 |    68 |   267 |    42 ||   416

Table legend: (Time is in decaauts)
 A = Elapsed time spent in this place.
 B = Non-inter-level travel time spent in this place.
 C = Inter-level travel time spent in this place.
 D = Time resting spent in this place.
 E = Time spent auto-exploring this place.
 F = Levels seen in this place.
 G = Mean time per level.
                   A        B        C        D        E       F      G
               +--------+--------+--------+--------+--------+-----+--------+
         Total |  11606 |  11383 |    223 |   4207 |   5374 |  10 | 1160.6 |
       Dungeon |  10808 |  10585 |    223 |   3608 |   5342 |   9 | 1200.9 |
       Ossuary |    797 |    797 |      0 |    598 |     32 |   1 |  797.0 |
               +--------+--------+--------+--------+--------+-----+--------+

Top non-repeatable levels by time:
     D:6: 2271 daAuts
     D:5: 1573 daAuts
     D:2: 1372 daAuts
     D:8: 1195 daAuts
     D:7: 1183 daAuts
     D:4: 1010 daAuts
     D:1: 958 daAuts
     D:3: 913 daAuts
 Ossuary: 797 daAuts
     D:9: 331 daAuts
